[Event "Late-Titled-Tuesday-Blitz-May-07-2024"]
[Site "Chess.com"]
[Date "2024.05.07"]
[Round "1"]
[White "Gareth-Bale11"]
[Black "ATM622"]
[Result "1-0"]
[WhiteElo "2892"]
[BlackElo "2519"]
[TimeControl "180+1"]
[EndTime "14:06:34 PDT"]
[Termination "Gareth-Bale11 won by resignation"]

1. d4 d5 2. c4 e6 3. Nc3 Nf6 4. Nf3 Be7 5. Bg5 O-O 6. e3 h6 7. Bxf6 Bxf6 8. Rc1 c5 9. dxc5 dxc4 10. Qxd8 Rxd8 11.
Bxc4 Bd7 12. Ke2 Bc6 13. b4 a6 14. Rhd1 Nd7 15. a3 Ne5 16. Nxe5 Bxe5 17. g3 Rxd1 18.
Nxd1 g5 19. f4 Bf6 20. Nc3 g4 21. Bd3 Bf3+ 22. Kd2 Rd8 23. Kc2 h5 24. Be4 Bxe4+ 25. Nxe4 Be7 26. Rd1 Rxd1 27. Kxd1 f5 28. Nd2 Kf7 29.
Nc4 Ke8 30. Na5 Kd7 31. Nxb7 Kc6 32. Nd6 a5 33. Kc2 Kd5 34. Kd3 Bf6 35. e4+ fxe4+ 36. Nxe4 Bb2 37. Nc3+ Kc6 38. Kc4 axb4 39. axb4 e5 40.
b5+ Kc7 41. f5 e4 42. Nxe4 Kd7 43. Kd5 Ke7 44. b6 1-0

[Event "Late-Titled-Tuesday-Blitz-May-07-2024"]
[Site "Chess.com"]
[Date "2024.05.07"]
[Round "1"]
[White "AsaHoffmann"]
[Black "Karacsonyi_Gellert"]
[Result "1-0"]
[WhiteElo "2422"]
[BlackElo "2698"]
[TimeControl "180+1"]
[EndTime "14:06:35 PDT"]
[Termination "AsaHoffmann won by resignation"]

1. d4 f5 2. Nc3 d5 3. f3 Nf6 4. Bg5 e6 5. e4 Be7 6. exf5 exf5 7. Bd3 O-O 8. Nge2 c6 9. O-O Nh5 10. Bxe7 Qxe7 11. Re1 Qf7 12. Qd2 f4 13. Nc1 Be6 14. Bf1 Nd7 15. Nd3 Rae8 16. Ne5 Nxe5 17. Rxe5 Bd7 18. Rae1 h6 19. Bd3 Rxe5 20. Rxe5 Re8 21.
Qe2 Kf8 22. Nd1 g5 23. Nf2 Nf6 24. c3 Rxe5 25. Qxe5 Be8 26. Bf5 Qe7 27. Nd3 Qxe5 28. Nxe5 Ke7 29. Kf2 Kd6 30. g3 fxg3+ 31. hxg3 b6 32.
Ke3 c5 33. Ng4 Nxg4+ 34. Bxg4 h5 35. Bf5 Bd7 36. Bd3 Ke6 37. g4 h4 38. Bf1 Kd6 39. Bh3 a5 40. f4 gxf4+ 41. Kxf4 b5 42. Kg5 b4 43. Kxh4 a4 44. a3 cxd4 45. cxd4 bxa3 46.
bxa3 Ke7 47. g5 Bb5 48. Bf5 Be2 49. Kg3 Bd1 50. Kf4 Kd6 51. g6 Ke7 52. Ke5 Bb3 53. Be6 1-0

[Event "Late-Titled-Tuesday-Blitz-May-07-2024"]
[Site "Chess.com"]
[Date "2024.05.07"]
[Round "1"]
[White "PositionalPanther"]
[Black "MITerryble"]
[Result "0-1"]
[WhiteElo "2546"]
[BlackElo "3021"]
[TimeControl "180+1"]
[EndTime "14:06:36 PDT"]
[Termination "MITerryble won by resignation"]

1. Nf3 d5 2. g3 Nf6 3. Bg2 c6 4. O-O Bg4 5. h3 Bh5 6. c4 e6 7. d4 Nbd7 8. cxd5 exd5 9. Ne5 Bg6 10. Nc3 Nxe5 11. dxe5 Nd7 12. f4 f5 13. exf6 Nxf6 14.
f5 Bf7 15. e4 Bc5+ 16. Kh2 dxe4 17. Qc2 Qd3 18. Bxe4 Qxc2+ 19. Bxc2 O-O-O 20. Bg5 Rhe8 21. Rad1 Bd4 22. Bb3 Bxb3 23. axb3 Bxc3 24. bxc3 Re2+ 25. Kg1 Rxd1 26. Rxd1 Ne4 27. Bf4 Nxc3 28. Kf1 Re4 29. Re1 Kd7 30. Be5 Rxe1+ 31. Kxe1 Ne4 32. Ke2 Ke7 33. Kd3 Nf6 34. g4 Kf7 35. g5 Nd7 36.
Bd4 a6 37. Ke4 g6 38. h4 Ke7 39. Bb2 Nc5+ 40. Ke5 Nxb3 41. Ba3+ Kf7 42. f6 Nd2 43. Kf4 b5 44. Bb4 Nc4 45. Ke4 a5 46. Bc5 a4 47.
Kd3 a3 48. Bd4 Nd6 49. Kc2 Ne4 50. Bf2 Nxf2 0-1

[Event "Late-Titled-Tuesday-Blitz-May-07-2024"]
[Site "Chess.com"]
[Date "2024.05.07"]
[Round "1"]
[White "LUISMIGUELOV"]
[Black "Russian_berezka"]
[Result "0-1"]
[WhiteElo "2202"]
[BlackElo "2599"]
[TimeControl "180+1"]
[EndTime "14:06:36 PDT"]
[Termination "Russian_berezka won by resignation"]

1. d4 g6 2. c3 Bg7 3. Bg5 d5 4. Nd2 Nf6 5. e3 O-O 6. Bd3 c5 7. f4 Nc6 8. Ngf3 Bf5 9. Bxf5 gxf5 10. Bxf6 Bxf6 11. O-O e6 12. Ne5 Kh8 13. Qh5 Bxe5 14. fxe5 Qe7 15. Rf3 Rg8 16. Rh3 Rg7 17. Rf1 Rag8 18.
g3 f6 19. exf6 Qxf6 20. Rf4 Qf7 21. Qxf7 Rxf7 22. Nf3 c4 23. Kf2 b5 24. a3 a5 25.
Rh5 Rg6 26. Rfh4 Rfg7 27. Ke2 Kg8 28. Rf4 b4 29. axb4 axb4 30. Nh4 Rf6 31. Ng2 b3 32. Rfh4 Ra7 33. Rh6 Rxh6 34. Rxh6 Nd8 35. Nf4 Ra2 36. Nxe6 Rxb2+ 37. Kd1 Nxe6 38. Rxe6 Rc2 39. Rd6 Rxc3 40.
Rxd5 Rd3+ 41. Kc1 Rxe3 42. Rxf5 c3 43. Re5 Rxe5 44. dxe5 Kf7 45. g4 Ke6 46. h4 Kxe5 47. g5 Kf5 48. Kb1 Kg6 49. Kc1 Kh5 0-1

[Event "Late-Titled-Tuesday-Blitz-May-07-2024"]
[Site "Chess.com"]
[Date "2024.05.07"]
[Round "1"]
[White "TheSilmarils"]
[Black "Mikhal867"]
[Result "1-0"]
[WhiteElo "2886"]
[BlackElo "2518"]
[TimeControl "180+1"]
[EndTime "14:06:37 PDT"]
[Termination "TheSilmarils won on time"]

1. Nf3 c5 2. c4 Nf6 3. Nc3 d5 4. cxd5 Nxd5 5. g3 Nc6 6. Bg2 Nc7 7. O-O e5 8. b3 Be7 9. Bb2 f6 10. Rc1 Bd7 11. e3 Bg4 12. h3 Bh5 13. g4 Bg6 14. d4 exd4 15. exd4 cxd4 16. Ne2 Ne6 17. Nfxd4 Nexd4 18.
Nxd4 Nxd4 19. Qxd4 Qxd4 20. Bxd4 O-O 21. Bxb7 Rab8 22.
Bd5+ Bf7 23. Bxf7+ Rxf7 24. Rc7 Bf8 25. Rfc1 a5 26.
Kg2 Ra8 27. Rxf7 Kxf7 28. Rc7+ Ke6 29. Rb7 a4 30. b4 Kd5 31. Be3 a3 32. b5 Kc4 33. b6 Kc3 34. Bf4 Kb2 35. Ra7 Re8 36. b7 Kxa2 37. Ra8 1-0

[Event "Late-Titled-Tuesday-Blitz-May-07-2024"]
[Site "Chess.com"]
[Date "2024.05.07"]
[Round "1"]
[White "GMBenjaminBok"]
[Black "dealshark"]
[Result "1-0"]
[WhiteElo "3045"]
[BlackElo "2551"]
[TimeControl "180+1"]
[EndTime "14:06:38 PDT"]
[Termination "GMBenjaminBok won by resignation"]

1. d4 d5 2. c4 e6 3. Nc3 c5 4. cxd5 exd5 5. Nf3 Nc6 6. g3 Nf6 7. Bg2 Be7 8. O-O O-O 9. b3 Bf5 10. Bb2 Rc8 11. dxc5 Bxc5 12. Rc1 Re8 13. e3 Bb6 14. Na4 Be4 15. Nxb6 axb6 16. Qd2 Qe7 17. Rfd1 h6 18. Nd4 Red8 19. Bh3 Ra8 20. a4 Ne5 21.
Qe2 Nfd7 22. Rc7 Qb4 23. Bc3 Qd6 24. Nb5 Qf8 25. Bg2 Bxg2 26. Kxg2 Rac8 27. Rxc8 Rxc8 28. Rxd5 Qe7 29. Qd1 Nc5 30. Rxe5 Qf8 31. Qg4 Nxb3 32. Rd5 Nc5 33. Bxg7 Qe8 34. Bf6+ 1-0

[Event "Late-Titled-Tuesday-Blitz-May-07-2024"]
[Site "Chess.com"]
[Date "2024.05.07"]
[Round "1"]
[White "NowInChess"]
[Black "Stanbad1"]
[Result "0-1"]
[WhiteElo "2263"]
[BlackElo "2621"]
[TimeControl "180+1"]
[EndTime "14:06:38 PDT"]
[Termination "Stanbad1 won on time"]

1. e4 e6 2. d3 d5 3. Nd2 c5 4.
g3 Nc6 5. Bg2 g6 6. Ngf3 Bg7 7.
O-O Nge7 8. Re1 O-O 9. exd5 exd5 10. d4 Nxd4 11. Nxd4 Bxd4 12. Nb3 Nc6 13. c3 Bg7 14. Bxd5 Ne5 15. Bg2 Qxd1 16. Rxd1 Bg4 17. Re1 Nf3+ 18. Bxf3 Bxf3 19. Nxc5 b6 20. Nb3 Rad8 21. Be3 Rfe8 22. Bd4 Bh6 23. Be3 Bg7 24. Bd4 Bh6 25. Be3 Bxe3 26.
Rxe3 Rxe3 27. fxe3 Rd3 28. Kf2 Bg4 29. Re1 a5 30. a4 Bd7 31. Ke2 Rd5 32. Ra1 Bg4+ 33.
Kf2 Rd3 34. Re1 Be6 35. Nd4 Bc4 36. Kf3 Rd2 37. h3 Rxb2 0-1

[Event "Late-Titled-Tuesday-Blitz-May-07-2024"]
[Site "Chess.com"]
[Date "2024.05.07"]
[Round "1"]
[White "zajka-molotok"]
[Black "Hikaru"]
[Result "0-1"]
[WhiteElo "2561"]
[BlackElo "3217"]
[TimeControl "180+1"]
[EndTime "14:06:42 PDT"]
[Termination "Hikaru won by resignation"]

1. d4 a6 2. e4 e6 3. Nf3 d5 4. e5 c5 5. c3 Bd7 6. Na3 Qb6 7. Nc2 cxd4 8. Ncxd4 Nc6 9. Be2 Nxd4 10. cxd4 Bb5 11. O-O Bxe2 12. Qxe2 Qb5 13. Qxb5+ axb5 14. Be3 Ne7 15. a3 Nc6 16. Rfc1 Be7 17. Nd2 Na5 18. Rc7 Kd8 19. Rac1 Rb8 20. R7c2 Nc4 21. Nxc4 bxc4 22. Rc3 b5 23. Ra1 Ra8 24. Rcc1 Kd7 25. Bd2 f6 26. f4 Ra4 27. Bc3 Rha8 28. Rab1 Rb8 29. Ra1 f5 30. Kf2 g5 31. fxg5 Bxg5 32. Rd1 Be7 33. Kf3 Rba8 34. Rab1 R4a6 35. g4 Rf8 36.
Rf1 Raa8 37. gxf5 Rxf5+ 38. Ke2 Rh5 39. Rf2 Rf8 40. Rbf1 Rxf2+ 41. Rxf2 Rh3 42. Kf1 Bxa3 43. Kg2 Rd3 44. Rf7+ Ke8 45. Rxh7 b4 46. Be1 b3 47. bxa3 b2 48. Rb7 Rb3 0-1

[Event "Late-Titled-Tuesday-Blitz-May-07-2024"]
[Site "Chess.com"]
[Date "2024.05.07"]
[Round "1"]
[White "czasnaszachy"]
[Black "ameetghasi100"]
[Result "0-1"]
[WhiteElo "2457"]
[BlackElo "2799"]
[TimeControl "180+1"]
[EndTime "14:06:43 PDT"]
[Termination "ameetghasi100 won on time"]

1. e4 g6 2. d4 Bg7 3. c4 d6 4. Nc3 a6 5. Be3 c6 6. Bd3 b5 7. h4 h6 8. h5 g5 9. Nge2 Nf6 10. f3 bxc4 11. Bxc4 d5 12. Bd3 dxe4 13. fxe4 e5 14. dxe5 Ng4 15. Bc5 Nxe5 16. Bc2 Qxd1+ 17. Rxd1 Bg4 18.
Bb3 Nbd7 19. Ba3 O-O-O 20. Na4 Nf6 21. Rxd8+ Rxd8 22. Ng3 Rd3 23. Kf2 Rxg3 24. Kxg3 Nxe4+ 25. Kh2 Bxh5 26. Nc5 Ng4+ 27. Kg1 Bd4+ 28. Kf1 Ng3+ 29. Ke1 Nxh1 30. Nxa6 Ne3 31. Nb4 Nxg2+ 32. Kd2 Bf3 33.
Bxf7 Nf4 34. Nc2 Bb6 35. Bf8 h5 36. Bh6 Bd8 37. Ne1 Bd5 38. Be8 Ng3 39. b4 h4 40.
b5 h3 41. bxc6 Ba5+ 42. Kd1 h2 43. Bxg5 Bc7 44. Bd7+ Kb8 0-1

[Event "Late-Titled-Tuesday-Blitz-May-07-2024"]
[Site "Chess.com"]
[Date "2024.05.07"]
[Round "1"]
[White "rdarruda"]
[Black "mishanick"]
[Result "0-1"]
[WhiteElo "2550"]
[BlackElo "3043"]
[TimeControl "180+1"]
[EndTime "14:06:44 PDT"]
[Termination "mishanick won by resignation"]

1. Nf3 d5 2. d4 Nf6 3. c4 e6 4. e3 Be7 5. Nc3 O-O 6. Bd3 dxc4 7. Bxc4 c5 8. O-O Nc6 9. dxc5 Bxc5 10. Qxd8 Rxd8 11.
a3 a6 12. b4 Be7 13. Bb2 Bd7 14. Rfd1 Rac8 15. Bb3 Be8 16. Rxd8 Rxd8 17. Rd1 Rc8 18. h3 a5 19. b5 Nb8 20. a4 Nbd7 21. Rc1 Nb6 22.
Ne2 Rxc1+ 23. Bxc1 Nfd7 24. Bd2 Nc5 25. Bxa5 Nbxa4 26. Bxa4 Nxa4 27. Ned4 Bd6 28. Nd2 e5 29. Nf5 Bb8 30.
b6 Bd7 31. Ne7+ Kf8 32. Nd5 Bc6 33. Nb4 Bb5 34. Nd5 Bd3 35. Nc3 Nxc3 36. Bxc3 Ke7 37.
Nb3 Kd6 38. Na5 Ba6 39. Bb4+ Kd5 40. f3 e4 41. f4 Bd6 42. Bxd6 Kxd6 43. Nb3 Kc6 44.
Nd4+ Kxb6 45. Nf5 g6 46. Nd6 f5 47. Nf7 Kc5 48. Ng5 b5 49. Nxh7 b4 50. Kf2 b3 0-1

[Event "Late-Titled-Tuesday-Blitz-May-07-2024"]
[Site "Chess.com"]
[Date "2024.05.07"]
[Round "1"]
[White "yobdc"]
[Black "KaydenTroffChess"]
[Result "0-1"]
[WhiteElo "2505"]
[BlackElo "2858"]
[TimeControl "180+1"]
[EndTime "14:06:45 PDT"]
[Termination "KaydenTroffChess won by resignation"]

1. Nf3 Nf6 2. g3 g6 3. Bg2 Bg7 4.
O-O O-O 5. d4 d5 6. b3 c5 7. Bb2 Ne4 8. e3 Nc6 9. Nbd2 Qa5 10. c4 Nxd2 11. Nxd2 dxc4 12. Nxc4 Qc7 13. dxc5 Bxb2 14. Nxb2 Rd8 15. Qc2 Bf5 16. Qc3 Rac8 17. Rfd1 Ne5 18. Rxd8+ Rxd8 19. Rd1 Rc8 20. b4 Bg4 21. Rc1 Rd8 22. h3 Bf3 23. b5 a6 24.
a4 axb5 25. axb5 f6 26. Nc4 Bxg2 27. Kxg2 Nd3 28. Rc2 Qxc5 29. Nd2 Qxb5 30. Rb2 Nxb2 0-1

[Event "Late-Titled-Tuesday-Blitz-May-07-2024"]
[Site "Chess.com"]
[Date "2024.05.07"]
[Round "1"]
[White "katharinareinecke"]
[Black "Alexei_Gubajdullin"]
[Result "0-1"]
[WhiteElo "1921"]
[BlackElo "2562"]
[TimeControl "180+1"]
[EndTime "14:06:46 PDT"]
[Termination "Alexei_Gubajdullin won on time"]

1. d4 Nf6 2. c4 g6 3. Nf3 Bg7 4. g3 O-O 5. Bg2 d6 6. O-O Nbd7 7. Nc3 e5 8. e4 c6 9. h3 a5 10. b3 Re8 11. Be3 a4 12. b4 Nb6 13. Qe2 exd4 14. Nxd4 Nfd7 15. Rac1 Ne5 16. c5 dxc5 17.
bxc5 Nbc4 18. Rfd1 Nxe3 19. Qxe3 Qa5 20. f4 Nc4 21.
Qd3 Qxc5 22. Ne2 b5 23. e5 Ra6 24. Kh2 f6 25. exf6 Bxf6 26. Nxc6 Rxc6 27. Bxc6 Qxc6 28. Nc3 Nb2 29. Qd5+ Qxd5 30. Rxd5 Bb7 31. Rxb5 Bf3 32. Rxb2 Re3 33. Rb8+ Kg7 34. Nd1 Re2+ 35. Kg1 Rg2+ 36. Kf1 Rxg3 37. Rc7+ Kh6 38. Nf2 Bd5 39. Ng4+ Rxg4 40.
hxg4 Bb2 41. g5+ Kh5 42. Rxh7+ Kg4 43. Rd8 Bc4+ 0-1

[Event "Late-Titled-Tuesday-Blitz-May-07-2024"]
[Site "Chess.com"]
[Date "2024.05.07"]
[Round "1"]
[White "ChessLover0108"]
[Black "dolynachess"]
[Result "1-0"]
[WhiteElo "2970"]
[BlackElo "2538"]
[TimeControl "180+1"]
[EndTime "14:06:47 PDT"]
[Termination "ChessLover0108 won on time"]

1. Nf3 Nf6 2. c4 c5 3. Nc3 Nc6 4.
g3 g6 5. Bg2 Bg7 6. d4 cxd4 7.
Nxd4 O-O 8. O-O Nxd4 9. Qxd4 d6 10. Qd3 a6 11. Bg5 Rb8 12. Rfd1 Qa5 13. Bxf6 Bxf6 14. Nd5 Bxb2 15. Nxe7+ Kg7 16. Rab1 Bf6 17. Nxc8 Rfxc8 18. Bxb7 Rc7 19. Bd5 Rxb1 20. Rxb1 Qxa2 21. c5 Qa5 22. cxd6 Rd7 23. Bc6 Rd8 24. d7 Qa2 25. Kg2 a5 26. Rb6 Qe6 27. Ra6 Qe5 28. e3 Qc5 29. Bb5 Qc7 30. Qd5 h5 31. h4 Bc3 32. Rc6 Qe5 33. Qd3 Bb4 34. Rc8 Be7 35. Bc6 Bf6 36. Qa6 Qc3 37. Qa8 1-0

[Event "Late-Titled-Tuesday-Blitz-May-07-2024"]
[Site "Chess.com"]
[Date "2024.05.07"]
[Round "1"]
[White "jup1978"]
[Black "Mischuk_D"]
[Result "0-1"]
[WhiteElo "2471"]
[BlackElo "2812"]
[TimeControl "180+1"]
[EndTime "14:06:48 PDT"]
[Termination "Mischuk_D won on time"]

1. d4 Nf6 2. Nf3 g6 3. c4 Bg7 4. g3 c6 5. Bg2 O-O 6. O-O d5 7. Nc3 dxc4 8. e4 b5 9. Re1 a6 10. h3 Bb7 11. Qc2 e6 12. Bg5 h6 13. Bf4 Nbd7 14. Rad1 Re8 15. h4 Qb6 16. Qc1 Kh7 17.
e5 Nd5 18. Ne4 c5 19. Nd6 Rf8 20. h5 Rad8 21. Nxf7 Rxf7 22. hxg6+ Kxg6 23. Qc2+ Rf5 24. Nh4+ Kh7 25. Nxf5 exf5 26. Qxf5+ Qg6 27. Qxg6+ Kxg6 28. dxc5 Nxc5 29. e6 Nd3 30. e7 Re8 31. Re6+ Kf7 32.
Rd6 N5xf4 33. Bxb7 Rxe7 34. gxf4 Rxb7 35. Rxa6 Nxb2 36.
Rdd6 c3 37. Rac6 Nc4 38. Rd1 Ra7 39. Kg2 Bf6 0-1

[Event "Late-Titled-Tuesday-Blitz-May-07-2024"]
[Site "Chess.com"]
[Date "2024.05.07"]
[Round "1"]
[White "olawsson"]
[Black "Mikayel99"]
[Result "0-1"]
[WhiteElo "2132"]
[BlackElo "2585"]
[TimeControl "180+1"]
[EndTime "14:06:48 PDT"]
[Termination "Mikayel99 won by resignation"]

1. d4 g6 2. c4 c5 3. d5 Bg7 4.
Nc3 d6 5. e4 e6 6. Nf3 exd5 7.
exd5 Bg4 8. h3 Bxf3 9. Qxf3 Nd7 10. Nb5 Ne5 11. Qe2 a6 12. Nc3 Ne7 13. f4 Nd7 14. Be3 O-O 15. O-O-O Nf5 16. Bf2 Qa5 17. Qc2 b5 18. a3 b4 19. axb4 cxb4 20. Ne4 Rfe8 21. g4 b3 22. Qb1 Rxe4 23. Qxe4 Qa1+ 24. Qb1 Bxb2+ 25. Kd2 Bc3+ 26. Kd3 Qa5 27. gxf5 Qb4 28. fxg6 hxg6 29. h4 Rc8 30. Ke4 Nf6+ 31. Kf3 a5 32. h5 gxh5 33. Bd3 a4 34. Rdg1+ Kf8 35. Bh7 Qxc4 36. Rxh5 a3 37. Rhg5 a2 38. Qf5 a1=Q 39. Rg8+ Nxg8 40. Rxg8+ Ke7 41. Qxc8 0-1

[Event "Late-Titled-Tuesday-Blitz-May-07-2024"]
[Site "Chess.com"]
[Date "2024.05.07"]
[Round "1"]
[White "jcibarra"]
[Black "rynos0411"]
[Result "1-0"]
[WhiteElo "2920"]
[BlackElo "2524"]
[TimeControl "180+1"]
[EndTime "14:06:50 PDT"]
[Termination "jcibarra won by resignation"]

1. e4 c5 2. Nf3 d6 3. c3 Nf6 4. h3 Nc6 5. Bd3 g6 6. Bc2 Bg7 7. d4 cxd4 8. cxd4 O-O 9. O-O d5 10.
e5 Ne4 11. Nc3 Nxc3 12. bxc3 b6 13. Re1 Ba6 14. e6 f5 15. Ng5 Rc8 16. h4 Qd6 17.
h5 Na5 18. hxg6 hxg6 19. Qf3 Rf6 20. Qh3 Nc4 21. a4 Rc6 22. g3 Bc8 23. Bf4 Qd8 24. Qh7+ Kf8 25. Qh4 Kg8 26. Re2 Nd6 27. Qh7+ Kf8 28.
Be5 Ne4 29. Bxf6 exf6 30. Qxg6 Qe7 31. Nh7+ Kg8 32. f3 Nxc3 33. Re3 Rxe6 34. Rxc3 Re1+ 35. Kg2 Bd7 36. Rxe1 Qxe1 37. Nxf6+ Kf8 38. Nxd7+ Kg8 39. Nf6+ 1-0

[Event "Late-Titled-Tuesday-Blitz-May-07-2024"]
[Site "Chess.com"]
[Date "2024.05.07"]
[Round "1"]
[White "maciek_92"]
[Black "Lady_Nika"]
[Result "1-0"]
[WhiteElo "2833"]
[BlackElo "2489"]
[TimeControl "180+1"]
[EndTime "14:06:50 PDT"]
[Termination "maciek_92 won by checkmate"]

1. c4 c5 2. Nc3 Nc6 3. g3 g6 4.
Bg2 Bg7 5. b3 e6 6. Ba3 b6 7. e3 Nge7 8. Nge2 O-O 9. d4 cxd4 10.
exd4 Bb7 11. d5 Na5 12. O-O Re8 13. Qd3 Rc8 14. Rad1 exd5 15. cxd5 Nf5 16. Rfe1 Qc7 17.
Nb5 Qb8 18. g4 a6 19. gxf5 axb5 20. fxg6 hxg6 21. Qxb5 Qc7 22. Bb4 Rb8 23. d6 Qd8 24. Ng3 Bxg2 25. Kxg2 Nc6 26. Bd2 Qh4 27. Qd5 Bf6 28.
Re4 Rxe4 29. Qxe4 Qh8 30. Re1 Kg7 31. Qg4 Qd8 32. Nf5+ Kf8 33. Bh6+ Kg8 34. Bf4 b5 35. Ne7+ Kg7 36. Qh3 Rc8 37. Qh6# 1-0

[Event "Late-Titled-Tuesday-Blitz-May-07-2024"]
[Site "Chess.com"]
[Date "2024.05.07"]
[Round "1"]
[White "andrew-blr"]
[Black "HipsterChess22"]
[Result "1-0"]
[WhiteElo "2606"]
[BlackElo "2216"]
[TimeControl "180+1"]
[EndTime "14:06:50 PDT"]
[Termination "andrew-blr won on time"]

1. d4 d5 2. c4 e6 3. Nc3 c6 4. e3 Nd7 5. Nf3 f5 6. b3 Bd6 7.
Be2 Nh6 8. Bb2 O-O 9. O-O Rf6 10. cxd5 exd5 11. Nb1 Qe7 12. Nbd2 Nf7 13. Re1 Rh6 14. Nf1 g5 15. g3 g4 16. N3d2 Ng5 17. Bd3 Nf6 18.
f4 gxf3 19. Nxf3 Nh3+ 20. Kg2 Ng4 21. Qc2 Qf7 22. Ne5 Qh5 23. Nxg4 fxg4 24. e4 Ng5 25. e5 Bb4 26. Re2 Nf3 27. Kh1 Be6 28. Rd1 Rf8 29. Bc1 Ne1 30. Rexe1 1-0

[Event "Late-Titled-Tuesday-Blitz-May-07-2024"]
[Site "Chess.com"]
[Date "2024.05.07"]
[Round "1"]
[White "vugarrasulov"]
[Black "cthulhuuu"]
[Result "1-0"]
[WhiteElo "2992"]
[BlackElo "2540"]
[TimeControl "180+1"]
[EndTime "14:06:51 PDT"]
[Termination "vugarrasulov won on time"]

1. e4 d6 2. d4 Nf6 3. Bd3 e5 4. Nf3 Nbd7 5. O-O Be7 6. c3 O-O 7. Re1 c6 8. Nbd2 Re8 9. Nf1 Qc7 10. Ng3 Nf8 11. a4 a5 12. Nh4 g6 13. Nf3 Ne6 14.
Bf1 Bf8 15. h3 Nf4 16. Be3 Bg7 17. Qd2 Bh6 18. Kh2 Be6 19. b4 axb4 20. cxb4 Nd7 21. a5 d5 22. dxe5 Nxe5 23. Nxe5 Qxe5 24. exd5 Qxd5 25.
Qxd5 Bxd5 26. Rad1 Kg7 27. b5 Ne6 28. Bxh6+ Kxh6 29. a6 bxa6 30. bxa6 Nc7 31. Rxe8 Rxe8 32. Ra1 Ra8 33. a7 Nb5 34. Bxb5 cxb5 35. Ra5 Bc6 36. Ne2 b4 37. Nd4 Bd7 38. Kg3 Kg7 39. Kf4 Kf6 40. h4 h6 41. h5 g5+ 42. Ke3 Ke7 43.
Ra6 Bc8 44. Rxh6 Rxa7 45. Nc6+ 1-0

[Event "Late-Titled-Tuesday-Blitz-May-07-2024"]
[Site "Chess.com"]
[Date "2024.05.07"]
[Round "1"]
[White "As0nchess"]
[Black "DrVelja"]
[Result "0-1"]
[WhiteElo "2539"]
[BlackElo "2987"]
[TimeControl "180+1"]
[EndTime "14:06:51 PDT"]
[Termination "DrVelja won by resignation"]

1. e4 c5 2. Nf3 Nc6 3. Bb5 e6 4. Bxc6 bxc6 5. d3 Qc7 6. O-O Ne7 7. b3 e5 8. c3 Ng6 9. d4 d6 10. dxe5 dxe5 11. Nbd2 Be7 12. Nc4 O-O 13. Be3 Be6 14. Qe2 h6 15. Rfd1 a5 16. Nb2 f5 17. exf5 Rxf5 18. Nd2 Raf8 19. c4 Nf4 20. Bxf4 Rxf4 21. Nd3 Rd4 22. Ne4 Bf5 23. Ndxc5 Bxc5 24. Nxc5 Qd6 25. Na4 Bd3 26. Qe3 Bc2 27. Rxd4 exd4 28. Qd2 Bg6 29. Qxa5 Qf4 30. Qe1 Re8 31. Qc1 Qxc1+ 32.
Rxc1 d3 33. Nc3 d2 34. Rf1 Re1 0-1

[Event "Late-Titled-Tuesday-Blitz-May-07-2024"]
[Site "Chess.com"]
[Date "2024.05.07"]
[Round "1"]
[White "ilya2700"]
[Black "StellarChess"]
[Result "0-1"]
[WhiteElo "2265"]
[BlackElo "2622"]
[TimeControl "180+1"]
[EndTime "14:06:51 PDT"]
[Termination "StellarChess won on time"]

1. d4 Nf6 2. c4 e6 3. Nf3 Bb4+ 4. Bd2 Bxd2+ 5. Qxd2 b6 6. Nc3 Bb7 7. e3 d5 8. Bd3 O-O 9. O-O dxc4 10. Bxc4 Bxf3 11. gxf3 Nbd7 12. Rfd1 Qe7 13. Bf1 a6 14. Bg2 Rad8 15. Ne4 e5 16. Nxf6+ Nxf6 17. Qc3 exd4 18. Rxd4 c5 19. Rd3 Nd5 20. Qd2 Nb4 21. Rxd8 Rxd8 22.
Qe2 a5 23. a3 Nd5 24. Rd1 Nf6 25. f4 h6 26. Rxd8+ Qxd8 27. e4 Qd4 28. e5 Nd5 29.
Bxd5 Qxd5 30. f5 Kf8 31. e6 fxe6 32. fxe6 Ke7 33. Qg4 g5 0-1

[Event "Late-Titled-Tuesday-Blitz-May-07-2024"]
[Site "Chess.com"]
[Date "2024.05.07"]
[Round "1"]
[White "ChEsper99"]
[Black "Thjop"]
[Result "1-0"]
[WhiteElo "2307"]
[BlackElo "2614"]
[TimeControl "180+1"]
[EndTime "14:06:53 PDT"]
[Termination "ChEsper99 won by resignation"]

1. Nf3 d5 2. g3 g6 3. Bg2 Bg7 4. d4 c6 5. O-O Nf6 6. c4 dxc4 7. a4 Ne4 8. Qc2 Nd6 9. Nbd2 O-O 10. Nxc4 Bf5 11. Qc3 c5 12. Nxd6 exd6 13. Be3 Nc6 14. Qd2 b6 15. Rfd1 Qc7 16. Nh4 Bc8 17. dxc5 dxc5 18.
Qd6 Qxd6 19. Rxd6 Bb7 20. Bxc6 Bxc6 21. Rxc6 Bxb2 22. Rd1 Rfd8 23. Rcd6 Rxd6 24. Rxd6 Rc8 25. Nf3 c4 26. Ne1 c3 27. Nc2 Rc4 28. Rd4 Rc7 29. Bh6 f5 30. e4 Kf7 31. exf5 gxf5 32. Kf1 Ke6 33. Bf4 Rc8 34. Ke2 Rc6 35. Kd3 a6 36. Rb4 Kf6 37. Be3 Rd6+ 38. Bd4+ Kg5 39.
Rxb6 Rd7 40. h3 f4 41. Rxa6 fxg3 42. fxg3 h5 43. Ra5+ Kg6 44. h4 Rf7 45. Rg5+ Kh6 46. Be3 Rd7+ 47. Bd4 Rf7 48. Be3 Rd7+ 49. Rd5+ 1-0

[Event "Late-Titled-Tuesday-Blitz-May-07-2024"]
[Site "Chess.com"]
[Date "2024.05.07"]
[Round "1"]
[White "MarcoRiehle"]
[Black "stasOR4ik"]
[Result "0-1"]
[WhiteElo "2783"]
[BlackElo "2477"]
[TimeControl "180+1"]
[EndTime "14:06:54 PDT"]
[Termination "stasOR4ik won by resignation"]

1. e4 e6 2. c4 d5 3. cxd5 exd5 4. Qb3 Nf6 5. e5 Ne4 6. Nc3 Nc5 7. Qxd5 Nc6 8. Qxd8+ Kxd8 9. f4 Nd4 10. Kd1 Bg4+ 11.
Nge2 Nd3 12. h3 Bxe2+ 13. Bxe2 Nf2+ 14. Ke1 Nxh1 15. Bd3 Ng3 16. Kf2 Ngf5 17. Ne4 h5 18. b3 a5 19. Bb2 a4 20. g4 hxg4 21. hxg4 Rh2+ 22. Kf1 Rh1+ 23. Kg2 Rxa1 24. Bxa1 Nh4+ 25. Kf2 Nhf3 26. b4 Bxb4 27. Ke3 c5 28. Bc4 Ke7 29. g5 Nc2+ 30. Kxf3 Nxa1 31. f5 Nc2 32. f6+ gxf6 33. exf6+ Kf8 34. g6 Nd4+ 35. Kg4 fxg6 36. Ng5 b5 37. Bd5 Rd8 38. Nh7+ Ke8 39. Bg8 Kd7 40.
f7 Ke7 41. Kg5 Ne6+ 42. Kxg6 Nf8+ 43. Kg7 Nxh7 44. Bxh7 Rf8 45. Bd3 Bxd2 46. Kg6 Bc3 47. Bxb5 Rxf7 48. Bxa4 Rf2 49. Bb3 Kd6 50. Kg5 Ke5 51.
Kg4 Be1 52. a4 Kd4 53. a5 Bxa5 54. Kg3 Be1 0-1

[Event "Late-Titled-Tuesday-Blitz-May-07-2024"]
[Site "Chess.com"]
[Date "2024.05.07"]
[Round "1"]
[White "BigAl"]
[Black "ChristopherYoo"]
[Result "0-1"]
[WhiteElo "2540"]
[BlackElo "2993"]
[TimeControl "180+1"]
[EndTime "14:06:55 PDT"]
[Termination "ChristopherYoo won by checkmate"]

1. Nf3 d5 2. g3 Nc6 3. Bg2 e5 4. d3 Nf6 5. O-O Be7 6. Nbd2 O-O 7. e4 Re8 8. c3 a5 9. a4 dxe4 10. dxe4 b6 11. Re1 Ba6 12. Qb3 Nd7 13. Qd5 Bb7 14. Nc4 Nd4 15. Qxb7 Nc2 16. Be3 Nxa1 17. Rxa1 Nc5 18. Bxc5 Bxc5 19. Ncxe5 f6 20. Nc4 Kh8 21.
e5 f5 22. h4 h6 23. Qc6 Qd3 24. Bf1 Qc2 25. Ncd2 Qxb2 26. Re1 Qxc3 27. Qg6 Rad8 28. e6 Re7 29. Qxf5 Rxd2 30. Nxd2 Qxd2 31. Re4 Re8 32. Rg4 Rf8 33. Qe4 Qxf2+ 34. Kh1 Qg1# 0-1

[Event "Late-Titled-Tuesday-Blitz-May-07-2024"]
[Site "Chess.com"]
[Date "2024.05.07"]
[Round "1"]
[White "Balla_Tamas"]
[Black "kingofthenil"]
[Result "0-1"]
[WhiteElo "2513"]
[BlackElo "2872"]
[TimeControl "180+1"]
[EndTime "14:06:58 PDT"]
[Termination "kingofthenil won by checkmate"]

1. Nf3 d5 2. b3 Bg4 3. Bb2 Nd7 4. e3 e6 5. h3 Bh5 6. g4 Bg6 7. d3 h5 8. g5 h4 9. Nbd2 Ne7 10. Bg2 Nc6 11. Qe2 e5 12. O-O-O Bd6 13. c4 dxc4 14. Nxc4 Qe7 15. Kb1 O-O-O 16. Ka1 Nb6 17. d4 e4 18. Nfd2 Rhe8 19. Nxb6+ axb6 20. d5 Nb4 21. Nc4 Qxg5 22. Rhg1 Bh2 23. d6 Bxg1 24. Rxg1 cxd6 25. Rc1 Kb8 26. Bh1 Nd3 27. Rf1 b5 28. Na5 Qc5 29. Bd4 Qa3 30. Qd2 Rc8 31. f3 exf3 32. Bxf3 Nb4 33. Bb2 Qxa2# 0-1